 Dungeon Crawl Stone Soup version 0.26-a0-664-gc8b27b8fc1 (webtiles) character file.

Game seed: 7450281782391179319

478 Vafan the Chiller (level 7, -5/55 HPs)
             Began as a Barachi Ice Elementalist on Oct 13, 2020.
             Slain by Duvessa
             ... wielding a +0 short sword
              (6 damage)
             ... on level 4 of the Dungeon.
             The game lasted 00:16:43 (3520 turns).

Vafan the Chiller (Barachi Ice Elementalist)        Turns: 3520, Time: 00:16:44

Health: -5/55      AC:  5    Str: 11    XL:     7   Next: 11%
Magic:  1/11       EV: 12    Int: 16    God:
Gold:   161        SH:  0    Dex: 12    Spells: 4/12 levels left

rFire    . . .     SeeInvis .   m - +1 spear (venom)
rCold    . . .     Faith    .   (no shield)
rNeg     . . .     Spirit   .   a - +0 robe
rPois    .         Reflect  .   i - +1 hat {MR+}
rElec    .         Harm     .   (no cloak)
rCorr    .         Rampage  .   n - +0 pair of gloves
MR       +....                  z - +0 pair of boots
Stlth    ++........             (no amulet)
HPRegen  0.18/turn              (no ring)
MPRegen  0.12/turn              (no ring)

@: can't hop, frozen ramparts, slow
A: +LOS, swims, slowness 1, strong legs 1
a: Hop


You were on level 4 of the Dungeon.
You visited 1 branch of the dungeon, and saw 4 of its levels.

You collected 161 gold pieces.

Inventory:

Hand Weapons
 c - a +0 short sword
 j - a +0 whip of electrocution
 m - a +1 spear of venom (weapon)
 u - a +2 dagger of venom
 y - a +0 long sword of pain
Missiles
 d - 108 stones (quivered)
 e - 7 sling bullets
 f - 15 bolts
 l - 2 throwing nets
 t - 75 arrows
Armour
 a - a +0 robe (worn)
 i - a +1 hat of magic resistance (worn)
 n - a +0 pair of gloves (worn)
 r - a +0 leather armour
 z - a +0 pair of boots (worn)
Jewellery
 s - a cursed ring of teleportation {unknown}
 x - an uncursed ring of ice {unknown}
Scrolls
 g - 4 scrolls of identify {unknown}
 p - 2 scrolls of remove curse {unknown}
 w - a scroll of enchant weapon {unknown}
 A - a scroll of fear {unknown}
Potions
 b - a potion of heal wounds {unknown}
 h - a potion of invisibility {unknown}
 k - a potion of ambrosia {unknown}
 o - a potion of magic {unknown}
 q - a potion of haste {unknown}
 v - a potion of lignification {unknown}
 B - a potion of flight {unknown}


   Skills:
 + Level 4.8 Fighting
 - Level 2.1 Dodging
 - Level 1.7 Stealth
 + Level 3.1 Spellcasting
 + Level 2.5 Summonings
 * Level 7.5 Ice Magic


You had 4 spell levels left.
You knew the following spells:

 Your Spells              Type           Power        Failure   Level
a - Freeze                Ice            ####         1%          1
b - Frozen Ramparts       Ice            ####..       2%          3
c - Summon Ice Beast      Ice/Summ       ###.....     24%         4

Your spell library contained the following spells:

 Spells                   Type           Power        Failure   Level
 Ozocubu's Armour         Ice            ####....     2%          3
 Hailstorm                Conj/Ice       ##......     36%         4


Dungeon Overview and Level Annotations

Branches:
Dungeon (4/15)
 Temple: D:4-7

Altars:
Dithmenos

Annotations:
D:4 Duvessa, Menkaure


Innate Abilities, Weirdness & Mutations

You can be seen from farther away. (+LOS)
You can swim through water.
You cover ground slowly.
You can hop short distances.


Message History

Confirm with . or Enter, or press ? or * to list all spells.
Aiming: Freeze (safe; 1% risk of failure)
Press: ? - help, Shift-Dir - straight line, f/p - Duvessa
Aim: Duvessa, wielding a +0 short sword and wearing a +0 leather armour (heavily wounded, berserk)
You freeze Duvessa!
Duvessa is heavily wounded.
The wall freezes Duvessa but do no damage.
Duvessa hits you with a +0 short sword!
* * * LOW HITPOINT WARNING * * *
The wall freezes Duvessa.
Duvessa hits you but does no damage.
Casting: Freeze (safe; 1% risk of failure)
Confirm with . or Enter, or press ? or * to list all spells.
Aiming: Freeze (safe; 1% risk of failure)
Press: ? - help, Shift-Dir - straight line, f/p - Duvessa
Aim: Duvessa, wielding a +0 short sword and wearing a +0 leather armour (severely wounded, berserk)
Okay, then.
You barely miss Duvessa.
Duvessa is severely wounded.
The wall freezes Duvessa.
Duvessa hits you with a +0 short sword.
You die...

#..........###
#............#
#............#
#...........##
#...).......#
#..........## ..
##.........## ####
..<. #..##....###
#...
......#####@.#######
##.##
........)...e.###
#..#
........#####...###
#..## ........
###...### #....
........
###...####..##
........ ###.......#
.......) ###.....##
........ #.......
........ #.......


You could see Duvessa (berserk).

Vanquished Creatures
  Dowan (D:4)
  A scorpion (D:4)
  Terence (D:2)
  2 orc wizards (D:4)
  Natasha (twice) (D:2)
  A hound skeleton (D:4)
  11 gnolls
  6 adders
  An ufetubus (D:3)
  4 worms
  2 dart slugs (D:1)
  2 leopard geckos (D:1)
  2 orcs (D:4)
  8 bats
  2 giant cockroaches
  5 goblins
  4 hobgoblins
  6 jackals
  A quokka (D:2)
  A frilled lizard (D:2)
  6 kobolds
  A leopard gecko skeleton (D:4)
  8 rats
78 creatures vanquished.

Notes
Turn   | Place    | Note
-------+----------+-------------------------------------------
     0 | D:1      | Vafan the Barachi Ice Elementalist began the quest for the
                  | Orb.
     0 | D:1      | Reached XP level 1. HP: 13/13 MP: 3/3
    85 | D:1      | Reached skill level 5 in Ice Magic
   249 | D:1      | Reached skill level 1 in Fighting
   396 | D:1      | Reached XP level 2. HP: 21/21 MP: 5/5
   649 | D:1      | Reached XP level 3. HP: 27/27 MP: 3/6
   827 | D:1      | Learned a level 3 spell: Frozen Ramparts
  1096 | D:2      | Reached XP level 4. HP: 22/34 MP: 2/7
  1289 | D:2      | Reached skill level 6 in Ice Magic
  1538 | D:2      | Noticed Terence
  1556 | D:2      | Killed Terence
  1556 | D:2      | Reached XP level 5. HP: 42/42 MP: 4/8
  1642 | D:2      | Learned a level 4 spell: Summon Ice Beast
  1652 | D:2      | Noticed Natasha
  1666 | D:2      | Killed Natasha
  1907 | D:2      | Noticed Natasha
  1919 | D:2      | Killed Natasha
  2127 | D:3      | Reached skill level 1 in Summonings
  2289 | D:3      | Reached XP level 6. HP: 48/48 MP: 0/9
  2469 | D:3      | Found a faded altar of an unknown god.
  2730 | D:3      | Reached skill level 7 in Ice Magic
  3381 | D:4      | Noticed Menkaure
  3449 | D:4      | Found a shadowy altar of Dithmenos.
  3499 | D:4      | Noticed Dowan
  3511 | D:4      | Killed Dowan
  3511 | D:4      | Reached XP level 7. HP: 30/55 MP: 2/11
  3511 | D:4      | Noticed Duvessa
  3519 | D:4      | HP: 1/55 [Duvessa/+0 short sword (10)]
  3520 | D:4      | Slain by Duvessa

Illustrated notes

Levels and vault maps discovered:
D:1:      nzn_arrival_water_spiral, layout_basic
D:2:      layout_basic, serial_bayou_pond_a, uniq_terence, uniq_natasha
D:3:      layout_rooms, chequers_ecumenical_altar_island, minmay_fountain_box
D:4:      layout_cave_pods, lemuel_doored_altar, uniq_menkaure, uniq_duvessa,
          uniq_crazy_yiuf_cottage

Skill      XL: |  1  2  3  4  5  6 |
---------------+-------------------+-----
Ice Magic      | 5 6 7 |  7.5
Fighting       | 1 2 3 4 |  4.8
Summonings     | 1 2 |  2.5
Spellcasting   | 3 |  3.1
Dodging        | |  2.1
Stealth        | |  1.7

Action                   |  1- 3 |  4- 6 |  7- 9 || total
-------------------------+-------+-------+-------++-------
Melee: Short sword       |    15 |       |       ||    15
       Unarmed           |     2 |       |       ||     2
       Whip              |     3 |     1 |       ||     4
       Spear             |       |    83 |     2 ||    85
Throw: Stone             |       |    22 |       ||    22
 Cast: Freeze            |    28 |    16 |     2 ||    46
       Frozen Ramparts   |       |    20 |       ||    20
 Abil: Hop               |       |       |     1 ||     1
 Stab: Sleeping          |     2 |     6 |       ||     8
Armor: Robe              |     9 |     6 |       ||    15
Dodge: Dodged            |    21 |    49 |       ||    70

Table legend: (Time is in decaauts)
 A = Elapsed time spent in this place.
 B = Non-inter-level travel time spent in this place.
 C = Inter-level travel time spent in this place.
 D = Time resting spent in this place.
 E = Time spent auto-exploring this place.
 F = Levels seen in this place.
 G = Mean time per level.
                   A        B        C        D        E       F      G
               +--------+--------+--------+--------+--------+-----+--------+
         Total |   3913 |   3859 |     54 |    114 |   2919 |   4 |  978.2 |
       Dungeon |   3913 |   3859 |     54 |    114 |   2919 |   4 |  978.2 |
               +--------+--------+--------+--------+--------+-----+--------+

Top non-repeatable levels by time:
     D:2: 1161 daAuts
     D:1: 1112 daAuts
     D:3: 840 daAuts
     D:4: 798 daAuts
